 Dungeon Crawl Stone Soup version 0.24.1-11-gbbbb2193e6 (webtiles) character file.

Game seed: 9864701872293076302, levelgen mode: deterministic

15 sking99 the Caller (level 2, 16/25 HPs)
             Began as a Minotaur Summoner on Feb 15, 2020.
             Quit the game on level 2 of the Dungeon on May 15, 2020.
             The game lasted 00:02:31 (1229 turns).

sking99 the Caller (Minotaur Summoner)              Turns: 1229, Time: 00:02:31

Health: 16/25      AC:  2    Str: 12    XL:     2   Next: 34%
Magic:  3/3        EV: 12    Int: 12    God:
Gold:   13         SH:  0    Dex: 10    Spells: 2/3 levels left

rFire    . . .     SeeInvis .   e - +0 mace
rCold    . . .     Gourm    .   (no shield)
rNeg     . . .     Faith    .   a - +0 robe
rPois    .         Spirit   .   (helmet restricted)
rElec    .         Reflect  .   (no cloak)
rCorr    .         Harm     .   (no gloves)
MR       .....                  (no boots)
Stlth    ++........             (no amulet)
HPRegen  0.08/turn              (no ring)
MPRegen  0.08/turn              (no ring)

@: no status effects
A: retaliatory headbutt, horns 2
a: no special abilities


You were on level 2 of the Dungeon.
You were hungry.

You visited 1 branch of the dungeon, and saw 2 of its levels.

You collected 13 gold pieces.

Inventory:

Hand Weapons
 e - a +0 mace (weapon)
Armour
 a - a +0 robe (worn)
Scrolls
 d - a scroll of identify {unknown}
Potions
 b - a potion of magic {unknown}
 g - a potion of agility {unknown}
Comestibles
 c - 3 rations


   Skills:
 + Level 2.5 Fighting
 - Level 2.1 Dodging
 - Level 1.5 Stealth
 - Level 1.3 Spellcasting
 - Level 2.9 Summonings


You had 2 spell levels left.
You knew the following spells:

 Your Spells              Type           Power        Failure   Level  Hunger
a - Summon Small Mammal   Summ           #...         9%          1    ##.....

Your spell library contained the following spells:

 Spells                   Type           Power        Failure   Level  Hunger
 Call Imp                 Summ           #.......     13%         2    ###....
 Call Canine Familiar     Summ           #.......     26%         3    ####...
 Summon Guardian Golem    Hex/Summ       #.......     43%         3    ####...
 Summon Ice Beast         Ice/Summ       #.......     83%         4    #####..
 Summon Lightning Spire   Summ/Air       #.......     83%         4    #####..


Dungeon Overview and Level Annotations

Branches:
Dungeon (2/15)

Altars:


Innate Abilities, Weirdness & Mutations

You reflexively headbutt those who attack you in melee.
You have a pair of horns on your head.


Message History

A kobold is nearby!
The kobold shouts!
The kobold throws a stone.
The stone barely misses you.
The kobold throws a stone.
The stone closely misses you.
The kobold throws a stone.
The stone hits you but does no damage.
You see here a stone.
The kobold hits you.
You barely miss the kobold. Your headbutt misses the kobold.
The kobold hits you.
You hit the kobold.
The kobold is severely wounded.
The kobold barely misses you. The kobold hits you.
You hit the kobold.
You kill the kobold!
No target in view!
Welcome back, sking99 the Minotaur Summoner.
Press ? for a list of commands and other information.
Welcome back, sking99 the Minotaur Summoner.
Press ? for a list of commands and other information.
Are you sure you want to abandon this character and quit the game? (Confirm with "yes".)

. . ##.
#..######
##.......#
#.....(..#
#.....@.#
#.....(.###
#........#.
#........#.###
#........#.#<#
#........#.#.#
#......((#.#.#
########.#.#.#
#)#...#####.#


There were no monsters in sight!

Vanquished Creatures
  A giant cockroach (D:1)
  3 hobgoblins
  3 jackals (D:1)
  2 kobolds
  A quokka (D:2)
  A frilled lizard (D:1)
  2 rats
13 creatures vanquished.

Vanquished Creatures (collateral kills)
  A jackal (D:1)
1 creature vanquished.

Grand Total: 14 creatures vanquished

Notes
Turn   | Place    | Note
-------+----------+-------------------------------------------
     0 | D:1      | sking99 the Minotaur Summoner began the quest for the Orb.
     0 | D:1      | Reached XP level 1. HP: 14/14 MP: 1/1
   390 | D:1      | Reached skill level 1 in Fighting
   766 | D:1      | Reached XP level 2. HP: 9/24 MP: 3/3
  1229 | D:2      | Upgraded the game from 0.24.0-124-g2791043dd8 to
                  | 0.24.1-11-gbbbb2193e6
  1229 | D:2      | Quit the game

Levels and vault maps discovered:
D:1:      dpeg_arrival_rooms_a, layout_basic, interstate_on_off
D:2:      layout_basic, grunt_temple_overflow_order_and_chaos_2,
          kennysheep_ying_yang, serial_bayou, serial_bayou_pond_b,
          serial_bayou_pond_d, serial_bayou_ford_a, serial_bayou_crossing

Skill      XL: |  1 |
---------------+----+-----
Fighting       | 2 |  2.5
Dodging        | |  2.1
Stealth        | |  1.5
Spellcasting   | |  1.3
Summonings     | |  2.9

Action                   || total
-------------------------++-------
Melee: Mace              ||    33
       Whip              ||     5
       Headbutt          ||     1
 Cast: Summon Small Mamm ||     2
Armor: Robe              ||     8
Dodge: Dodged            ||    35
